 Dungeon Crawl Stone Soup version 0.20.1-1-g8b1a95d (webtiles) character file.

47 Irenicus the Insei (level 3, -4/26 HPs)
             Began as an Octopode Chaos Knight on Oct 19, 2017.
             Slain by Crazy Yiuf
             ... wielding a +4 quarterstaff of chaos
              (5 damage)
             ... on level 2 of the Dungeon.
             The game lasted 00:02:19 (996 turns).

Irenicus the Insei (Octopode Chaos Knight)           Turns: 996, Time: 00:02:20

Health: -4/26      AC:  1    Str: 11    XL:     3   Next: 70%
Magic:  2/2        EV: 13    Int: 14    God:    Xom [.*....]
Gold:   78         SH:  0    Dex: 10    Spells: 2/2 levels left

rFire    + . .     SeeInvis .     - Unarmed
rCold    . . .     Gourm    .   (no shield)
rNeg     . . .     Faith    .   (helmet restricted)
rPois    .         Spirit   .   (no amulet)
rElec    .         Reflect  .   (no ring)
rCorr    .         Harm     .   (no ring)
MR       .....     Clarity  +   (no ring)
Stlth    ++........             (no ring)
Regen    0.1/turn               (no ring)
MPRegen  0.1/turn               (no ring)
                                (no ring)
                                (no ring)

@: no status effects
A: almost no armour, stealthy swim, amphibious, 8 rings, constrict 8, camouflage
1, clarity, clumsy 1, fire resistance 1, low mp 1, gelatinous body 1
a: Renounce Religion


You were on level 2 of the Dungeon.
You worshipped Xom.
You were a plaything of Xom.
You were not hungry.

You visited 1 branch of the dungeon, and saw 2 of its levels.

You collected 78 gold pieces.

Inventory:

Scrolls
 b - a scroll of amnesia {unknown}
 c - a scroll of teleportation {unknown}
 e - 2 scrolls of identify {unknown}
 h - a scroll of recharging {unknown}
 m - 3 scrolls of remove curse {unknown}
 o - a scroll of enchant armour {unknown}
Potions
 d - 2 potions of curing {unknown}
 f - a potion of mutation
 g - a potion of agility {unknown}
 j - a potion of might {unknown}
 k - a potion of ambrosia {unknown}
 n - a potion of haste {unknown}
Comestibles
 a - 2 bread rations
 i - a meat ration
 l - 3 fruits


   Skills:
 - Level 3.0 Fighting
 - Level 2.3 Dodging
 + Level 4.5 Unarmed Combat


You had 2 spell levels left.
You didn't know any spells.

Dungeon Overview and Level Annotations

Branches:
Dungeon (2/15)

Altars:

Annotations:
D:2 Crazy Yiuf


Innate Abilities, Weirdness & Mutations

You cannot wear most types of armour.
You are very stealthy in the water. (Stealth+)
You are amphibious.
You can wear up to eight rings at the same time.
You can use your tentacles to constrict eight enemies at once.
Your skin changes colour to match your surroundings (Stealth+).
Your rubbery body absorbs attacks. (AC +1, EV +1)
You possess an exceptional clarity of mind.
You are clumsy. (Dex -2)
Your flesh is heat resistant. (rF+)
Your magical capacity is low. (-10% MP)


Message History

There is an open door here.
You aren't carrying any items that you can evoke.
Okay, then.
You barely miss Crazy Yiuf. You grab Crazy Yiuf.
You constrict Crazy Yiuf, but do no damage.
Crazy Yiuf hits you with a quarterstaff of chaos.
You are electrocuted!
Ouch! That really hurt!
* * * LOW HITPOINT WARNING * * *
It was a potion of mutation.
You feel extremely strange.
You feel clumsy.
Xom is interested.
You feel less energetic.
You feel resistant to heat.
Xom is mildly amused.
Your thoughts seem clearer.
Xom thinks this is hilarious!
You constrict Crazy Yiuf.
Crazy Yiuf hits you with a quarterstaff of chaos.
You die...
Xom snickers!

......... .########
..# ..###### ..##...#
#.#..### ..#....##♣♣
#### .......#..♣♣
♣♣#)))#
...........♣♣♣♣)@g).#
...........)♣))♣#)))#
.......#..)♣)♣♣♣ ####
.....).##♣♣♣♣♣
.......# .......###
### .........# #.#
.........# #.#
.........#### #.###


You could see Crazy Yiuf.

Vanquished Creatures
  An ooze (D:2)
  2 worms (D:2)
  3 leopard geckos
  3 goblins (D:2)
  5 hobgoblins
  3 jackals (D:1)
  A ball python (D:2)
  6 bats
  6 frilled lizards
  A kobold (D:2)
  3 rats
34 creatures vanquished.

Vanquished Creatures (collateral kills)
  A leopard gecko (D:1)
1 creature vanquished.

Grand Total: 35 creatures vanquished

Notes
Turn   | Place    | Note
-------+----------+-------------------------------------------
     0 | D:1      | Irenicus the Octopode Chaos Knight began the quest for the Orb.
     0 | D:1      | Reached XP level 1. HP: 16/16 MP: 1/1
    19 | D:1      | XOM: silly message
    28 | D:1      | Reached XP level 2. HP: 18/21 MP: 2/2
    73 | D:1      | XOM: cast spell 'Summon Mana Viper'
   459 | D:1      | Reached skill level 4 in Unarmed Combat
   656 | D:2      | Reached XP level 3. HP: 26/26 MP: 3/3
   988 | D:2      | Found a runed door.
   992 | D:2      | Noticed Crazy Yiuf
   995 | D:2      | HP: 1/26 [Crazy Yiuf/quarterstaff of chaos (19)]
   996 | D:2      | Gained mutation: You are clumsy. (Dex -2) [potion of mutation]
   996 | D:2      | Gained mutation: Your magical capacity is low. (-10% MP) [potion of mutation]
   996 | D:2      | Gained mutation: Your flesh is heat resistant. (rF+) [potion of mutation]
   996 | D:2      | Gained mutation: You possess an exceptional clarity of mind. [potion of mutation]
   996 | D:2      | Slain by Crazy Yiuf

Skill      XL: |  1  2 |
---------------+-------+-----
Unarmed Combat | 4 |  4.5
Fighting       | |  3.0
Dodging        | |  2.3

Action                   || total
-------------------------++-------
Melee: Unarmed           ||    77
       Tentacles         ||    13
       Constrict         ||    18
       Punch             ||     1
  Use: Potion            ||     1
 Stab: Sleeping          ||     3
Armor: Skin              ||    10
Dodge: Dodged            ||    48
